AoeStats
← HawkingsWager

Arabia

508604984Analyzed
1v1 RM · 8d ago on Sep 23, 2026· 48m 18s· 2 players
Game mode
Random Map
Map size
Tiny (2 player)
Population
200
Speed
Normal
Resources
Standard
Victory
Conquest
Starting age
Dark Age
Ending age
Imperial Age
RankedLock teamsTeams togetherTeam positionsShared explorationLock speedFull tech treeHidden civsTurbo modeCheats
Victory
Defeat
🇨🇳 Danes · China
1005
+17
🇺🇸 Franks · United States
1021
-17
machine
6:18 Loom
9:53 Feudal Age
12:05 Double-Bit Axe
18:33 Castle Age
16:50 Stone Mining
16:59 Arson
17:12 Horse Collar
26:04 Wheelbarrow
26:12 Forging
34:42 Padded Archer Armor
34:58 Gold Mining
37:07 Bow Saw
36:48 Elite Skirmisher
38:00 Fletching
39:39 Scale Mail Armor
43:13 Imperial Age
41:04 Squires
40:49 Gambesons
41:45 Iron Casting
41:26 Chain Mail Armor
41:13 Bodkin Arrow
41:33 Leather Archer Armor
42:07 Hand Cart
41:38 Town Watch
42:37 Hamask
43:56 Bracer
44:26 Ring Archer Armor
HawkingsWager
12:22 Feudal Age
11:54 Loom
17:24 Castle Age
16:19 Scale Barding Armor
16:25 Double-Bit Axe
16:34 Gold Mining
17:26 Forging
17:47 Scale Barding Armor
18:14 Husbandry
27:17 Fletching
27:27 Padded Archer Armor
27:53 Bodkin Arrow
37:30 Bow Saw
41:14 Ballistics
43:21 Ordonnance Companies
Connection lost

Rejoining the realm…

Still unreachable

The connection could not be restored.

Session expired

The server has moved on; the page needs a fresh start.